 Dungeon Crawl Stone Soup version 0.30-a0-879-ga8ba668304 (webtiles) character file.

Game seed: 5721709334408228683

84 cforsyth the Trooper (level 4, -1/34 (41) HPs)
             Began as an Ogre Reaver on Mar 14, 2023.
             Slain by Ijyb
             ... wielding a +4 spectral club
              (6 damage)
             ... on level 3 of the Dungeon.
             The game lasted 00:04:07 (2620 turns).

cforsyth the Trooper (Ogre Reaver)                  Turns: 2620, Time: 00:04:07

HP:   -1/34 (41)    AC:  3    Str: 17 (18) XL:     4   Next: 46%
MP:   8/8           EV: 14    Int: 13 (14) God:
Gold: 150           SH:  0    Dex:  5 (7)  Spells: 3/9 levels left

rFire   . . .      SeeInvis .    a - +0 spear
rCold   . . .      Faith    .    (no shield)
rNeg    . . .      Spirit   .    b - +0 robe
rPois   .          Reflect  .    (helmet restricted)
rElec   .          Rampage  .    (no cloak)
rCorr   +          Clarity  +    (gloves unavailable)
Will    .....                    (boots unavailable)
Stlth   +                        (no amulet)
HPRegen 0.25/turn                e - +5 ring of evasion
MPRegen 0.11/turn                m - ring of resist corrosion

@: attractive, flying, hasted, heavily drained, very quick
A: large, unfitting armour, tough skin 1, clarity, frail 1
a: no special abilities


You were on level 3 of the Dungeon.
You visited 1 branch of the dungeon, and saw 3 of its levels.

You collected 150 gold pieces.

Inventory:

Hand Weapons
 a - a +0 spear (weapon)
Armour
 b - a +0 robe (worn)
Jewellery
 e - a +5 ring of evasion (left hand)
 k - a ring of protection from cold
 m - a ring of resist corrosion (right hand)
Scrolls
 c - a scroll of blinking {unknown}
 h - a scroll of identify {unknown}
 j - a scroll of teleportation {unknown}
 l - a scroll of fog {unknown}
 o - a scroll of silence {unknown}
Potions
 f - a potion of degeneration


   Skills:
 + Level 3.6 Fighting
 + Level 3.4 Polearms
 + Level 2.4 Dodging
 + Level 3.1 Spellcasting
 + Level 3.1 Conjurations


You had 3 spell levels left.
You knew the following spells:

 Your Spells              Type           Power      Damage    Failure   Level
a - Kiss of Death         Conj/Necr      24%        2d7       12%         1
b - Momentum Strike       Conj/Tloc      12%        3d8       19%         2
c - Hailstorm             Conj/Ice       6%         3d4       34%         3

Your spell library contained the following spells:

 Spells                   Type           Power      Damage    Failure   Level
 Blink                    Tloc           4%         N/A       34%         2
 Manifold Assault         Tloc           2%         N/A       92%         4
 Storm Form               Tmut/Air       1%         N/A       100%        7


Dungeon Overview and Level Annotations

Branches:
Dungeon (3/15)

Altars:
Ru
The Shining One

Annotations:
D:3 Ijyb


Innate Abilities, Weirdness & Mutations

You are too large for most types of armour.
You have tough skin. (AC +1)
You possess an exceptional clarity of mind.
You are frail. (-10% HP)


Message History

Ijyb hits you with a +4 spectral club.
* * * LOW HITPOINT WARNING * * *
You closely miss Ijyb.
Ijyb is moderately wounded.
Ijyb hits you with a +4 spectral club.
* * * LOW HITPOINT WARNING * * *
You hit Ijyb but do no damage.
Ijyb is moderately wounded.
You hit Ijyb.
Ijyb is severely wounded.
Ijyb barely misses you.
You hit Ijyb but do no damage.
Ijyb is severely wounded.
You hit Ijyb.
Ijyb is severely wounded.
Ijyb hits you with a +4 spectral club.
* * * LOW HITPOINT WARNING * * *
You barely miss Ijyb.
Ijyb is severely wounded.
Ijyb barely misses you.
You closely miss Ijyb.
Ijyb is severely wounded.
You hit Ijyb but do no damage.
Ijyb is severely wounded.
Ijyb closely misses you.
It was a potion of flight.
You feel very buoyant.
You fly up into the air.
Ijyb closely misses you.
It was a potion of mutation.
You feel extremely strange.
You feel frail.
Your thoughts seem clearer.
Okay, then.
You hit Ijyb but do no damage.
Ijyb is severely wounded.
Ijyb misses you.
You closely miss Ijyb.
Ijyb is severely wounded.
You hit Ijyb.
Ijyb is almost dead.
Ijyb hits you with a +4 spectral club.
You die...

#g##.# .... #.##.#
....
#.#####.##.##.....
#.......##.##.....
######............
##.##........
#...........
##########....##..
##@............##..
#.g......[.........
#.#########.######.
#.#...............#
#.#.#######.#####.#
#.#.# #.# #. #.#.#
#.. #. #.#.# ####
#. #.#.# #.


You could see Ijyb.

Vanquished Creatures
  Terence (D:2)
  2 worms
  A dart slug (D:2)
  A ball python (D:2)
  5 bats
  6 endoplasms
  4 giant cockroaches
  7 goblins
  5 hobgoblins
  6 kobolds
  2 quokkas
  4 frilled lizards
  A rat (D:2)
45 creatures vanquished.

Notes
Turn   | Place    | Note
-------+----------+-------------------------------------------
     0 | D:1      | cforsyth the Ogre Reaver began the quest for the Orb.
     0 | D:1      | Reached XP level 1. HP: 22/22 MP: 3/3
   133 | D:1      | Reached XP level 2. HP: 29/29 MP: 5/5
   902 | D:2      | Reached XP level 3. HP: 22/32 MP: 7/7
   968 | D:2      | Found a sacrificial altar of Ru.
   989 | D:2      | Noticed Terence
  1011 | D:2      | Killed Terence
  1012 | D:2      | Reached XP level 4. HP: 34/44 MP: 8/8
  1193 | D:2      | Found a faded altar of an unknown god.
  2083 | D:2      | Learned a level 2 spell: Momentum Strike
  2087 | D:2      | Learned a level 3 spell: Hailstorm
  2556 | D:3      | Found a glowing golden altar of the Shining One.
  2571 | D:3      | Noticed Ijyb
  2578 | D:3      | Paralysed by Ijyb for 5 turns
  2617 | D:3      | Gained mutation: You are frail. (-10% HP) [potion of
                  | mutation]
  2617 | D:3      | Gained mutation: You possess an exceptional clarity of
                  | mind. [potion of mutation]
  2620 | D:3      | Slain by Ijyb

Illustrated notes

Levels and vault maps discovered:
D:1:      reono_arrival_forest_river, layout_loops_ring, due_unseen_surprise
D:2:      layout_basic, ebering_ecumenical_altar_box, basic_altar, uniq_terence
D:3:      layout_basic, lemuel_crystal_altar, grunt_decor_junction, uniq_ijyb

Skill      XL: |  1  2  3 |
---------------+----------+-----
Fighting       | 3 |  3.6
Dodging        | 2 |  2.4
Conjurations   | 3 |  3.1
Spellcasting   | 3 |  3.1
Polearms       | |  3.4

Action                     |  1- 3 |  4- 6 || total
---------------------------+-------+-------++-------
  Melee: Spear             |   108 |   113 ||   221
         Punch             |     1 |     1 ||     2
   Cast: Kiss of Death     |       |     1 ||     1
         Momentum Strike   |       |     1 ||     1
    Use: Potion            |     4 |     5 ||     9
 Armour: Robe              |    20 |    14 ||    34
  Dodge: Dodged            |    29 |    41 ||    70

Table legend: (Time is in decaauts)
 A = Elapsed time spent in this place.
 B = Non-inter-level travel time spent in this place.
 C = Inter-level travel time spent in this place.
 D = Time resting spent in this place.
 E = Time spent auto-exploring this place.
 F = Levels seen in this place.
 G = Mean time per level.
                   A        B        C        D        E       F      G
               +--------+--------+--------+--------+--------+-----+--------+
         Total |   2603 |   2534 |     69 |    274 |   1874 |   3 |  867.7 |
       Dungeon |   2603 |   2534 |     69 |    274 |   1874 |   3 |  867.7 |
               +--------+--------+--------+--------+--------+-----+--------+

Top non-repeatable levels by time:
     D:2: 1356 daAuts
     D:1: 889 daAuts
     D:3: 357 daAuts
